AoeStats
← 139

Fortress

510047423Analyzed
3v3 RM · 4d ago on Sep 29, 2026· 31m 18s· 6 players
Game mode
Random Map
Map size
Large (8 player)
Population
200
Speed
Normal
Resources
Standard
Victory
Conquest
Starting age
Dark Age
Ending age
Imperial Age
RankedLock teamsTeams togetherTeam positionsShared explorationLock speedFull tech treeHidden civsTurbo modeCheats
Victory
Defeat
🇺🇸 Franks · United States
1088
+17
🇦🇺 Franks · Australia
1078
+17
🇨🇳 Franks · China
1065
+18
🇲🇽 Bohemians · Mexico
1153
-19
🇲🇽 Italians · Mexico
1120
-18
🇲🇽 Turks · Mexico
1050
-15
ask
7:44 Feudal Age
8:48 Double-Bit Axe
11:37 Castle Age
12:33 Bow Saw
17:47 Wheelbarrow
17:52 Gold Mining
17:52 Stone Mining
19:22 Hand Cart
21:34 Gold Shaft Mining
25:00 Imperial Age
23:34 Forging
23:29 Scale Barding Armor
23:29 Husbandry
25:20 Iron Casting
25:04 Cavalier
25:11 Capped Ram
26:17 Conscription
26:42 Chain Barding Armor
29:57 Elite Skirmisher
30:25 Paladin
BrazilianBad
7:56 Feudal Age
6:51 Loom
13:51 Castle Age
11:57 Double-Bit Axe
12:06 Gold Mining
14:31 Wheelbarrow
13:42 Town Watch
14:24 Pikeman
15:04 Squires
19:43 Forging
19:36 Padded Archer Armor
20:57 Fletching
25:38 Hand Cart
29:12 Ballistics
33:25 Imperial Age
31:16 Forging
31:34 Scale Mail Armor
139
2:11 Loom
8:50 Feudal Age
12:36 Castle Age
10:47 Scale Barding Armor
10:53 Forging
11:50 Double-Bit Axe
12:02 Gold Mining
skorge_13
5:28 Loom
7:39 Feudal Age
11:28 Castle Age
9:37 Padded Archer Armor
10:21 Fletching
10:38 Double-Bit Axe
17:28 Ballistics
19:42 Leather Archer Armor
22:14 Fortified Wall
28:57 Imperial Age
28:26 Bodkin Arrow
29:52 Wheelbarrow
32:12 Chemistry
arq_lobo
Canek
6:11 Feudal Age
7:58 Horse Collar
10:24 Loom
10:57 Loom
13:48 Castle Age
12:18 Double-Bit Axe
12:23 Loom
14:19 Pikeman
16:14 Scale Mail Armor
17:51 Chain Mail Armor
20:21 Forging
21:12 Light Cavalry
24:40 Heavy Plow
26:09 Bow Saw
26:17 Squires
30:47 Fletching
Connection lost

Rejoining the realm…

Still unreachable

The connection could not be restored.

Session expired

The server has moved on; the page needs a fresh start.